 Dungeon Crawl Stone Soup version 0.31-a0-496-g6f97920a28 (webtiles) character file.

Game seed: 15623939194955590026

195 CraigForest the Gusty (level 5, -2/38 HPs)
             Began as a Draconian Air Elementalist on Aug 9, 2023.
             Was an Initiate of Qazlal.
             Slain by an ogre
             ... wielding a +0 giant spiked club
              (11 damage)
             ... on level 4 of the Dungeon.
             The game lasted 00:24:09 (4010 turns).

CraigForest the Gusty (Draconian Air Elementalist)  Turns: 4010, Time: 00:24:10

Health: -2/38      AC:  7    Str: 10    XL:     5   Next: 45%
Magic:  0/9        EV: 12    Int: 18    God:    Qazlal [......]
Gold:   164        SH:  0    Dex: 17    Spells: 4/9 levels left

rFire   . . .        (no weapon)
rCold   . . .        (no shield)
rNeg    . . .        (body armour unavailable)
rPois   .            i - +1 hat
rElec   .            (no cloak)
rCorr   .            l - +0 pair of gloves
SInv    +            (no boots)
Will    .....        (no amulet)
Stlth   ++           d - ring of see invisible
HPRegen 0.26/turn    g - +6 ring of dexterity
MPRegen 0.11/turn

%: no passive effects
@: no status effects
A: AC +5, unfitting armour, cold-blooded
a: Renounce Religion


You were on level 4 of the Dungeon.
You worshipped Qazlal.
Qazlal was noncommittal.
You visited 1 branch of the dungeon, and saw 4 of its levels.

You collected 164 gold pieces.

Inventory:

Hand Weapons
 j - a +0 sling
 n - a +0 rapier
Missiles
 e - 3 javelins
 f - 3 poisoned darts
Armour
 i - a +1 hat (worn)
 l - a +0 pair of gloves (worn)
Jewellery
 c - a +6 ring of dexterity
 d - a ring of see invisible (left hand)
 g - a +6 ring of dexterity (right hand)
Wands
 b - a wand of quicksilver (7)
Scrolls
 k - a scroll of amnesia
 o - a scroll of enchant weapon {unknown}
 q - 4 scrolls of teleportation
 r - a scroll of blinking {unknown}
Potions
 a - a potion of magic
 h - a potion of invisibility


   Skills:
 + Level 0.1 Fighting
 + Level 2.2 Dodging
 - Level 2.0 Stealth
 - Level 0.3 Unarmed Combat
 + Level 2.9 Spellcasting
 + Level 2.6 Conjurations
 + Level 4.6 Air Magic


You had 4 spell levels left.
You knew the following spells:

 Your Spells              Type           Power      Damage    Failure   Level
a - Shock                 Conj/Air       60%        1d6       3%          1
b - Airstrike             Air            9%         2d(2-18)  24%         4

Your spell library contained the following spells:

 Spells                   Type           Power      Damage    Failure   Level
 Static Discharge         Conj/Air       30%        2-4/arc   5%          2
 Swiftness                Air            19%        N/A       8%          3
 Cigotuvi's Dreadful Rot  Necr/Pois/Air  16%        N/A       13%         2
 Ignite Poison            Fire/Tmut/Pois 2%         N/A       45%         3
 Volatile Blastmotes      Fire/Tloc      4%         2d10      45%         3
 Fulminant Prism          Conj/Hex       3%         3d5       67%         4
 Iskenderun's Mystic Bla  Conj/Tloc      7%         2d4       67%         4
 Freezing Cloud           Conj/Ice/Air   5%         6-21      86%         5


Dungeon Overview and Level Annotations

Branches:
Dungeon (4/15)
 Temple: D:4-7

Altars:
Okawaru
Qazlal

Shops:
D:2 [


Innate Abilities, Weirdness & Mutations

Your plain brown scales are hard. (AC +5)
You cannot fit into any form of body armour.
You are cold-blooded and may be slowed by cold attacks.


Message History

You hear a bark! x2; You hear an angry hiss.
You hear a bark! x2
Aiming: Shock (safe; 3% risk of failure)
Press: ? - help, Q - select action, (/) - cycle Shift-Dir - straight line, p - ogre The zap hits the ogre.
The ogre is heavily wounded.
Aiming: Shock (safe; 3% risk of failure)
Press: ? - help, Q - select action, (/) - cycle Shift-Dir - straight line The zap hits the ogre.
The ogre is heavily wounded.
Aiming: Shock (safe; 3% risk of failure)
Press: ? - help, Q - select action, (/) - cycle Shift-Dir - straight line The zap hits the ogre.
The ogre is heavily wounded.
Aiming: Shock (safe; 3% risk of failure)
Press: ? - help, Q - select action, (/) - cycle Shift-Dir - straight line The zap hits the ogre.
The ogre is severely wounded.
Aiming: Shock (safe; 3% risk of failure)
Press: ? - help, Q - select action, (/) - cycle Shift-Dir - straight line The zap hits the ogre.
The ogre is severely wounded.
The ogre closely misses you. The ogre attacks as you move away!
The ogre hits you with a +0 giant spiked club.
Aiming: Shock (safe; 3% risk of failure)
Press: ? - help, Q - select action, (/) - cycle Shift-Dir - straight line The zap hits the ogre.
The ogre is almost dead.
The ogre attacks as you move away!
The ogre hits you with a +0 giant spiked club!!
Ouch! That really hurt!
* * * LOW HITPOINT WARNING * * *
The ogre attacks as you move away! The ogre barely misses you.
Aiming: Shock (safe; 3% risk of failure)
Press: ? - help, Q - select action, (/) - cycle Shift-Dir - straight line The zap hits the ogre.
The ogre is almost dead.
The ogre attacks as you move away!
The ogre hits you with a +0 giant spiked club!
You die...

#####################
#.............#.....#
#.......).....#.....#
#.............#.....#
#......>......'.....#
#.†..........@#.....#
####'######..##.O#.....#
.†##...#####+##..#.....#
..'.......#...†..##...##
.<#.......+......#######
####.....###+##........#
########..##........#
..........##...##
..........#######


You could see an ogre.

Vanquished Creatures
  A scorpion (D:4)
  6 adders
  A worm (D:3)
  4 dart slugs
  3 orcs (D:3)
  7 bats
  10 endoplasms
  3 giant cockroaches
  3 goblins
  5 hobgoblins
  2 kobolds
  3 quokkas
  11 ball pythons
  4 frilled lizards
  5 rats
68 creatures vanquished.

Notes
Turn   | Place    | Note
-------+----------+-------------------------------------------
     0 | D:1      | CraigForest the Draconian Air Elementalist began the quest
                  | for the Orb.
     0 | D:1      | Reached XP level 1. HP: 14/14 MP: 3/3
     6 | D:1      | Noticed a komodo dragon
     6 | D:1      | Noticed a tyrant leech
     6 | D:1      | Noticed an imperial myrmidon
     7 | D:1      | Noticed a yaktaur captain
   315 | D:1      | Reached XP level 2. HP: 20/20 MP: 0/5
  1562 | D:2      | Reached XP level 3. HP: 17/26 MP: 0/6
  1954 | D:2      | Reached skill level 4 in Air Magic
  1954 | D:2      | Reached XP level 4. HP: 33/33 MP: 0/7
  1960 | D:2      | Learned a level 4 spell: Airstrike
  2091 | D:2      | Found an iron altar of Okawaru.
  2099 | D:2      | Found Puhanuk's Armour Shop.
  2740 | D:3      | Found a stormy altar of Qazlal.
  2748 | D:3      | Became a worshipper of Qazlal Stormbringer
  3134 | D:3      | Found a faded altar of an unknown god.
  3646 | D:4      | Noticed a scorpion
  3666 | D:4      | HP: 1/33 [poisoned by a scorpion]
  3667 | D:4      | Killed a scorpion
  3668 | D:4      | Reached XP level 5. HP: 1/38 MP: 0/9
  3985 | D:4      | Noticed an ogre
  4010 | D:4      | Slain by an ogre

Illustrated notes

Levels and vault maps discovered:
D:1:      onia_arrival_zoo_common, layout_basic, serial_rivers,
          chequers_serial_rivers_micro_b, chequers_serial_rivers_micro_c,
          chequers_serial_rivers_room_b, chequers_serial_rivers_large_b
D:2:      layout_loops_cross, basic_altar, serial_shops, shop,
          minmay_shallow_snake_nest
D:3:      layout_basic, nicolae_qazlal_scattered_showers,
          basic_ecumenical_altar, corexii_corridor_pit
D:4:      layout_gridville, worldfamousw_hep_ancestral_shrine

Skill      XL: |  1  2  3  4 |
---------------+-------------+-----
Dodging        | 2 |  2.2
Air Magic      | 4 |  4.6
Stealth        | 2 |  2.0
Conjurations   | 2 |  2.6
Fighting       | |  0.1
Unarmed Combat | |  0.3
Spellcasting   | |  2.9

Action                     |  1- 3 |  4- 6 || total
---------------------------+-------+-------++-------
  Melee: Unarmed           |    52 |    13 ||    65
         Tailslap          |     5 |     2 ||     7
   Fire: Sling             |     4 |       ||     4
   Cast: Shock             |    74 |    84 ||   158
         Airstrike         |       |     1 ||     1
    Use: Scroll            |     2 |     3 ||     5
         Potion            |       |     3 ||     3
 Armour: Skin              |    28 |     7 ||    35
  Dodge: Dodged            |    41 |    23 ||    64

Table legend: (Time is in decaauts)
 A = Elapsed time spent in this place.
 B = Non-inter-level travel time spent in this place.
 C = Inter-level travel time spent in this place.
 D = Time resting spent in this place.
 E = Time spent auto-exploring this place.
 F = Levels seen in this place.
 G = Mean time per level.
                   A        B        C        D        E       F      G
               +--------+--------+--------+--------+--------+-----+--------+
         Total |   4062 |   3815 |    247 |     24 |   3346 |   4 | 1015.5 |
       Dungeon |   4062 |   3815 |    247 |     24 |   3346 |   4 | 1015.5 |
               +--------+--------+--------+--------+--------+-----+--------+

Top non-repeatable levels by time:
     D:1: 1526 daAuts
     D:2: 1186 daAuts
     D:3: 983 daAuts
     D:4: 365 daAuts
